 Dungeon Crawl Stone Soup version 0.26-b1-32-g5d43845318 (webtiles) character file.

Game seed: 8041133349102419376

357 Borgoz the Cudgeller (level 6, -5/37 HPs)
             Began as a Gargoyle Gladiator on Jan 11, 2021.
             Killed from afar by an orc wizard (7 damage)
             ... with a magic dart
             ... on level 4 of the Dungeon.
             The game lasted 00:04:03 (2885 turns).

Borgoz the Cudgeller (Gargoyle Gladiator)           Turns: 2885, Time: 00:04:04

Health: -5/37      AC: 17    Str: 18    XL:     6   Next: 64%
Magic:  6/6        EV:  6    Int:  8    God:
Gold:   224        SH:  0    Dex: 13    Spells: 2/5 levels left

rFire    . . .     SeeInvis .   s - +0 morningstar
rCold    . . .     Faith    .   (no shield)
rNeg     + . .     Spirit   .   i - +0 plate armour
rPois    ∞         Reflect  .   c - +0 helmet
rElec    +         Harm     .   (no cloak)
rCorr    .         Rampage  .   r - +0 pair of gloves
Will     .....                  (no boots)
Stlth    ..........             (no amulet)
HPRegen  0.12/turn              (no ring)
MPRegen  0.10/turn              (no ring)

@: mighty, brilliant, berserk cooldown, attractive, hasted and slowed
A: negative energy resistance 1, electricity resistance, unbreathing,
petrification resistance, miasma immunity, AC +4
a: no special abilities


You were on level 4 of the Dungeon.
You visited 1 branch of the dungeon, and saw 4 of its levels.

You collected 224 gold pieces.

Inventory:

Hand Weapons
 s - a +0 morningstar (weapon)
Missiles
 d - 3 throwing nets (quivered)
Armour
 c - a +0 helmet (worn)
 i - a +0 plate armour (worn)
 r - a +0 pair of gloves (worn)
Scrolls
 b - 3 scrolls of teleportation {unknown}
 e - a scroll of amnesia {unknown}
 h - a scroll of enchant armour {unknown}
 l - a scroll of fear {unknown}
 n - 5 scrolls of remove curse
 q - a scroll of blinking {unknown}
 t - a scroll of magic mapping
Potions
 g - a potion of berserk rage
 j - a potion of haste
 k - a potion of magic
 m - 2 potions of mutation


   Skills:
 + Level 3.6 Fighting
 * Level 4.7 Maces & Flails
 - Level 1.7 Throwing
 + Level 2.6 Armour
 * Level 3.9 Dodging


You had 2 spell levels left.
You knew the following spells:

 Your Spells              Type           Power        Failure   Level
a - Confusing Touch       Hex            0%           100%        3

Your spell library contained the following spells:

 Spells                   Type           Power        Failure   Level
 Gell's Gravitas          Tloc           0%           100%        3
 Petrify                  Tmut/Erth      0%           100%        4
 Metabolic Englaciation   Hex/Ice        0%           100%        5
 Yara's Violent Unravell  Hex/Tmut       0%           100%        5


Dungeon Overview and Level Annotations

Branches:
Dungeon (4/15)
 Temple: D:4-7

Altars:
Uskayaw


Innate Abilities, Weirdness & Mutations

You are resistant to torment.
Your stone body is resilient. (AC +4)
You are immune to poison.
You resist negative energy. (rN+)
You are resistant to electric shocks. (rElec)
You can survive without breathing.
You are immune to petrification.
You are immune to miasma.


Message History

The orc wizard hits you but does no damage.
The orc wizard hits you but does no damage.
The orc is pulled toward you! x2
The orc wizard hits you but does no damage. x2
The orc is pulled toward you! The orc wizard barely misses you.
The orc is pulled toward you! x2
It was a potion of haste.
You feel yourself speed up.
The orc wizard hits you but does no damage.
The orc wizard barely misses you. The orc is pulled toward you! x2
You closely miss the orc wizard.
The orc wizard hits you but does no damage.
The orc wizard casts a spell at you. The magic dart hits you.
* * * LOW HITPOINT WARNING * * *
You puncture the orc wizard!
The orc wizard is almost dead.
The orc wizard barely misses you. The orc wizard casts a spell at you.
The magic dart hits you!
You die...

#.##.#.o)..##...
#.#..'..........
#.##.#.....!...
#.##o#..........
#.##o#####.#....
#.##.#####.#.....
#..ooo.....#....#
#.##o#####.#....#
#.##@##.........# #
#.##.##.##.#....#####
#.................. .
####.##.##.#....#####
#.#...............
#.##.†#.#.........
#.##..#.#....#####
#.##..#.#.........
#.##..#.#..#.#####


You could see an orc wizard (fast) and 5 orcs.

Vanquished Creatures
  A hound (D:4)
  3 orc priests (D:4)
  An orc wizard (D:3)
  A worker ant (D:4)
  6 adders
  An ooze (D:4)
  2 worms
  3 dart slugs
  2 leopard geckos
  8 orcs
  A bat (D:1)
  4 giant cockroaches
  14 goblins
  6 hobgoblins
  18 jackals
  16 kobolds
  A quokka (D:3)
  3 ball pythons
  7 frilled lizards
  8 rats
106 creatures vanquished.

Vanquished Creatures (others)
  3 plants (D:1)
3 creatures vanquished.

Grand Total: 109 creatures vanquished

Notes
Turn   | Place    | Note
-------+----------+-------------------------------------------
     0 | D:1      | Borgoz the Gargoyle Gladiator began the quest for the Orb.
     0 | D:1      | Reached XP level 1. HP: 12/12 MP: 1/1
   194 | D:1      | Reached XP level 2. HP: 18/18 MP: 2/2
   437 | D:1      | Reached XP level 3. HP: 22/22 MP: 3/3
   774 | D:1      | Reached skill level 1 in Armour
  1010 | D:2      | Reached XP level 4. HP: 27/27 MP: 4/4
  1721 | D:3      | Reached XP level 5. HP: 30/32 MP: 5/5
  1820 | D:3      | Reached skill level 4 in Maces & Flails
  2080 | D:3      | Found a hide-covered altar of Uskayaw.
  2294 | D:3      | Learned a level 3 spell: Confusing Touch
  2655 | D:4      | Reached XP level 6. HP: 31/37 MP: 6/6
  2869 | D:4      | HP: 1/55 [orc/+0 falchion (3)]
  2885 | D:4      | Killed from afar by an orc wizard

Illustrated notes

Levels and vault maps discovered:
D:1:      dpeg_arrival_tiny_g, layout_basic, serial_forest,
          infiniplex_forest_clump_diagonal, infiniplex_forest_diagonal,
          infiniplex_forest_straight_2, infiniplex_forest_end_3,
          infiniplex_forest_lined_room_2, infiniplex_forest_straight_4,
          infiniplex_forest_straight_1, infiniplex_forest_clump_C,
          infiniplex_forest_3_way, minmay_crystal_room, minmay_pentomino_s2
D:2:      layout_loops_ring
D:3:      layout_loops_ring, lemuel_round_altar
D:4:      layout_basic

Skill      XL: |  1  2  3  4  5 |
---------------+----------------+-----
Armour         | 1 2 |  2.6
Dodging        | 3 |  3.9
Fighting       | 3 |  3.6
Maces & Flails | 4 |  4.7
Throwing       | |  1.7

Action                   |  1- 3 |  4- 6 || total
-------------------------+-------+-------++-------
Melee: Flail             |   109 |   138 ||   247
       Morningstar       |       |    96 ||    96
  Use: Scroll            |       |     6 ||     6
       Potion            |       |     6 ||     6
 Stab: Sleeping          |     1 |       ||     1
Armor: Leather armour    |     5 |       ||     5
       Plate armour      |   105 |   224 ||   329
Dodge: Dodged            |    55 |    80 ||   135
